 Dungeon Crawl Stone Soup version 0.16.1-2-g95b8d4c (webtiles) character file.

94 JustSomeDude the Sneak (level 4, 0/29 HPs)
             Began as an Octopode Assassin on Mar 25, 2015.
             Slain by a worker ant (7 damage)
             ... on level 4 of the Dungeon.
             The game lasted 00:12:39 (2450 turns).

JustSomeDude the Sneak (Octopode Assassin)          Turns: 2450, Time: 00:12:39

Health: 0/29       AC:  1    Str: 10    XL:     4   Next: 63%
Magic:  4/4        EV:  9    Int: 13    God:
Gold:   159        SH:  6    Dex: 14    Spells: 0 memorised, 3 levels left

rFire  . . .     SeeInvis .     a - +4 dagger
rCold  . . .     Clarity  .     c - +0 shield
rNeg   . . .     SustAb   .     (helmet restricted)
rPois  .         Gourm    .     (no amulet)
rElec  .         Spirit   .     (no ring)
rCorr  .         Warding  .     (no ring)
rMut   .         Stasis   .     (no ring)
MR     .....                    (no ring)
Stlth  +++++.....               (no ring)
                                (no ring)
                                (no ring)
                                (no ring)

@: lethally poisoned (0 -> -12), about to teleport, not resistant to hostile
enchantments, quite stealthy
A: almost no armour, amphibious, 8 rings, constrict 8, camouflage 1, gelatinous
body 1
a: no special abilities


You were on level 4 of the Dungeon.
You were not hungry.

You visited 1 branch of the dungeon, and saw 4 of its levels.

You collected 159 gold pieces.

Inventory:

Hand weapons
 a - a +4 dagger (weapon)
 b - a +0 blowgun
Missiles
 e - 6 poisoned needles
 f - 2 curare-tipped needles
 n - 7 needles of sleeping
Armour
 c - a +0 shield (worn)
Scrolls
 h - 2 scrolls of amnesia
 m - a scroll of recharging
 o - a scroll of teleportation
 p - a scroll of remove curse {unknown}
 s - a scroll of random uselessness {unknown}
Potions
 d - 2 potions of heal wounds
 i - 6 potions of curing
 j - a potion of brilliance {unknown}
 l - a potion of cancellation
Comestibles
 g - 6 bread rations
 k - 3 meat rations
 q - a beef jerky
 r - 5 chunks of flesh


   Skills:
 + Level 2.2 Fighting
 + Level 2.4 Short Blades
 + Level 2.2 Throwing
 + Level 2.2 Dodging
 + Level 6.8 Stealth


You had 3 spell levels left.
You didn't know any spells.

Dungeon Overview and Level Annotations

Branches:
Dungeon (4/15)
 Temple: D:4-7

Altars:


Innate Abilities, Weirdness & Mutations

You cannot wear most types of armour.
You are amphibious.
You can wear up to eight rings at the same time.
You can use your tentacles to constrict many enemies at once.
Your skin changes colour to match your surroundings (Stealth).
Your rubbery body absorbs attacks (AC +1).


Message History

You closely miss the orc. You grab the orc. You constrict the orc.
You hit the orc.
You kill the orc!
The worker ant bites you.
You are poisoned.
The worker ant poisons you!
You closely miss the worker ant. Your grab misses the worker ant.
You feel sick. The worker ant bites you.
You are more poisoned.
The worker ant poisons you!
You closely miss the worker ant. Your grab misses the worker ant.
You feel sick. The worker ant bites you.
* * * LOW HITPOINT WARNING * * *
You are too injured to fight recklessly!
Read which item? (? for menu, Esc to quit)
As you read the scroll of teleportation, it crumbles to dust.
You feel strangely unstable.
* * * LOW HITPOINT WARNING * * *
You feel sick. The worker ant bites you!
You die...

#.. ...
#.# ...
#.# ...
#o###
#a#..
#@#.#
#.#.#
#.#.#
###.#.##
#......#
#...#..#
#...#<.#
#####.##
...


You could see a worker ant and an orc.

Vanquished Creatures
  3 adders (D:2)
  3 giant geckos
  2 oozes
  9 orcs
  3 giant cockroaches
  4 goblins
  2 hobgoblins
  2 quokkas (D:3)
  12 bats
  6 kobolds
  5 rats
51 creatures vanquished.

Notes
Turn   | Place    | Note
--------------------------------------------------------------
     0 | D:1      | JustSomeDude, the Octopode Assassin, began the quest for the Orb.
     0 | D:1      | Reached XP level 1. HP: 14/14 MP: 1/1
   495 | D:1      | Reached XP level 2. HP: 13/19 MP: 2/2
   608 | D:1      | Reached skill level 6 in Stealth
  1305 | D:2      | Reached XP level 3. HP: 24/24 MP: 3/3
  1765 | D:2      | Reached XP level 4. HP: 26/29 MP: 4/4
  2450 | D:4      | Slain by a worker ant

Action                   |  1- 3 |  4- 6 || total
-------------------------+-------+-------++-------
Melee: Dagger            |    54 |    38 ||    92
       Blowgun           |     1 |       ||     1
 Fire: Blowgun           |    13 |       ||    13
  Use: Scroll            |     4 |     2 ||     6
       Potion            |     4 |       ||     4
 Stab: Sleeping          |     7 |     4 ||    11
       Distracted        |       |     1 ||     1
  Eat: Bread ration      |     1 |       ||     1
